 Dungeon Crawl Stone Soup version 0.31.0-32-g396128a36d (webtiles) character file.

Game seed: 7206071599172136587

8 Gemdid the Digger (level 2, -1/19 HPs)
             Began as a Formicid Earth Elementalist on Mar 22, 2024.
             Slain by a ribbon worm (2 damage)
             ... on level 2 of the Dungeon.
             The game lasted 00:03:06 (167 turns).

Gemdid the Digger (Formicid Earth Elementalist)      Turns: 167, Time: 00:03:07

Health: -1/19      AC:  2    Str: 12    XL:     2   Next: 15%
Magic:  4/5        EV:  6    Int: 14    God:
Gold:   25         SH:  0    Dex: 14    Spells: 4/5 levels left

rFire   . . .        d - +0 broad axe
rCold   . . .        (no shield)
rNeg    . . .        a - +0 robe
rPois   .            (helmet unavailable)
rElec   .            (no cloak)
rCorr   .            (no gloves)
SInv    +            (no boots)
Will    .....        (no amulet)
Stlth   ++           (no ring)
HPRegen 0.23/turn    (no ring)
MPRegen 0.09/turn

%: no passive effects
@: held
A: permanent stasis, dig shafts and tunnels, antennae 3, four strong arms
a: Dig, Shaft Self


You were on level 2 of the Dungeon.
You visited 1 branch of the dungeon, and saw 2 of its levels.

You collected 25 gold pieces.

Inventory:

Hand Weapons
 d - a +0 broad axe (weapon)
Armour
 a - a +0 robe (worn)
Scrolls
 c - a scroll of enchant weapon {unknown}
 e - a scroll of fog {unknown}
Potions
 b - a potion of magic
 f - 2 potions of curing {unknown}
 g - a potion of haste {unknown}


   Skills:
 * Level 0.3 Fighting
 + Level 1.8 Dodging
 - Level 2.4 Stealth
 + Level 2.2 Spellcasting
 - Level 0.8 Conjurations
 * Level 4.1 Earth Magic


You had 4 spell levels left.
You knew the following spells:

 Your Spells              Type           Power      Damage    Failure   Level
a - Sandblast             Erth           26%        2d8       4%          1

Your spell library contained the following spells:

 Spells                   Type           Power      Damage    Failure   Level
 Passwall                 Erth           13%        N/A       12%         3
 Stone Arrow              Conj/Erth      16%        3d8       24%         3
 Brom's Barrelling Bould  Conj/Erth      8%         2d3       63%         4
 Petrify                  Alch/Erth      7%         N/A       69%         4


Dungeon Overview and Level Annotations

Branches:
Dungeon (2/15)

Altars:


Innate Abilities, Weirdness & Mutations

You cannot be hasted, slowed, berserked, paralysed or teleported.
You can dig through walls and to a lower floor.
You have a pair of large antennae on your head. (SInv)
Your four strong arms can wield two-handed weapons with a shield.


Message History

You kill the ball python!
Found a dark potion.
Found 10 gold pieces.
Found a scroll labelled COPPAN DOUCKAE.
g - a dark potion You now have 25 gold pieces (gained 10).
A ribbon worm comes into view.
Found an emerald ring and a beast talisman.
The ribbon worm expels a string of sticky webbing.
The stream of webbing hits you but does no damage.
You are caught in a web!
There is a web here.
The web tears apart.
You hit the ribbon worm.
The ribbon worm is moderately wounded.
The ribbon worm expels a string of sticky webbing.
The stream of webbing hits you but does no damage.
You are caught in a web!
The web tears apart.
The ribbon worm bites you.
You hit the ribbon worm but do no damage.
The ribbon worm is lightly wounded.
The ribbon worm bites you!
You barely miss the ribbon worm.
The ribbon worm is lightly wounded.
The ribbon worm expels a string of sticky webbing.
The stream of webbing hits you but does no damage.
You are caught in a web!
The ribbon worm expels a string of sticky webbing.
The stream of webbing hits you but does no damage.
You are even more entangled.
You struggle to detach yourself from the web.
Aiming: Sandblast (safe; 4% risk of failure)
Press: ? - help, Q - select action, (/) - cycle Shift-Dir - straight line, f - ribbon worm
Aim: a ribbon worm (catching its breath, 94% to hit)
The blast of sand hits the ribbon worm!
The ribbon worm is severely wounded.
The ribbon worm bites you.
* * * LOW HITPOINT WARNING * * *
The ribbon worm bites you.
You die...

......................
.......................
........................
#....#.#.#..........#...
#....#......##........#
..........###...#.###
#.#............# #
#.......#####..#.#
#..w@...#####....#
........##?........##
#.......##.######..#
........##.# ##....
...#.....#.. #####
...........#
...#.#...... .%..=..##.#
##


You could see a ribbon worm (catching breath).

Vanquished Creatures
  A ball python (D:2)
  A giant cockroach (D:1)
  A hobgoblin (D:1)
  A quokka (D:1)
  A frilled lizard (D:2)
  3 rats (D:1)
8 creatures vanquished.

Notes
Turn   | Place    | Note
-------+----------+-------------------------------------------
     0 | D:1      | Gemdid the Formicid Earth Elementalist began the quest for
                  | the Orb.
     0 | D:1      | Reached XP level 1. HP: 13/13 MP: 3/3
    83 | D:1      | Reached skill level 4 in Earth Magic
   123 | D:1      | Reached XP level 2. HP: 15/19 MP: 5/5
   167 | D:2      | Slain by a ribbon worm

Illustrated notes

Levels and vault maps discovered:
D:1:      lightli_arrival_windingriver, layout_loops_ring
D:2:      layout_basic, shapermc_ecumenical_altar_ellora, minmay_pentomino_u2

Skill      XL: |  1 |
---------------+----+-----
Earth Magic    | 4 |  4.1
Fighting       | |  0.3
Dodging        | |  1.8
Stealth        | |  2.4
Spellcasting   | |  2.2
Conjurations   | |  0.8

Action                     || total
---------------------------++-------
  Melee: Broad axe         ||    23
   Cast: Sandblast         ||     4
   Stab: Sleeping          ||     1
 Armour: Robe              ||    25
  Dodge: Dodged            ||    24
